 Dungeon Crawl Stone Soup version 0.30.0-5-g1a98f26d00 (webtiles) character file.

Game seed: 15750806318682315723

28 H0rd4k the Charlatan (level 3, -1/39 HPs)
             Began as a Human Artificer on May 9, 2023.
             Succumbed to an adder's poison
             ... on level 2 of the Dungeon.
             The game lasted 00:01:12 (1549 turns).

H0rd4k the Charlatan (Human Artificer)              Turns: 1549, Time: 00:01:12

Health: -1/39      AC:  3    Str: 12    XL:     3   Next: 30%
Magic:  3/3        EV: 11    Int: 13    God:
Gold:   104        SH:  0    Dex: 13    Spells: 2/2 levels left

rFire   . . .        r - +0 rapier (holy)
rCold   . . .        (no shield)
rNeg    . . .        b - +0 leather armour
rPois   .            (no helmet)
rElec   .            (no cloak)
rCorr   .            (no gloves)
SInv    .            (no boots)
Will    .....        (no amulet) Stlth
                     (no ring)
HPRegen 0.26/turn    (no ring)
MPRegen 0.08/turn

%: no passive effects
@: berserking, lethally poisoned (-1 -> -7), very quick
A: no striking features
a: no special abilities


You were on level 2 of the Dungeon.
You visited 1 branch of the dungeon, and saw 2 of its levels.

You collected 104 gold pieces.

Inventory:

Hand Weapons
 a - a +0 club
 r - a +0 rapier of holy wrath (weapon)
Missiles
 h - a throwing net
Armour
 b - a +0 leather armour (worn)
Jewellery
 q - a ring of protection from fire
Wands
 c - a wand of flame (13) (quivered)
 d - a wand of charming (15)
 e - a wand of iceblast (5)
Scrolls
 f - a scroll of immolation {unknown}
 g - 4 scrolls of identify {unknown}
 n - a scroll of torment {unknown}
 p - 3 scrolls of fog {unknown}
Potions
 i - a potion of heal wounds {unknown}
 j - a potion of degeneration {unknown}
 k - a potion of berserk rage
 l - a potion of brilliance {unknown}
 m - a potion of lignification {unknown}
 o - 2 potions of curing {unknown}


   Skills:
 + Level 1.1 Fighting
 + Level 1.3 Maces & Flails
 - Level 2.0 Armour
 + Level 1.3 Dodging
 + Level 1.1 Stealth
 + Level 3.5 Evocations


You had 2 spell levels left.
You didn't know any spells.
Your spell library contained the following spells:

 Spells                   Type           Power      Damage    Failure   Level
 Frozen Ramparts          Ice            0%         1d1       75%         3
 Ice Form                 Ice/Tmut       0%         N/A       98%         4
 Summon Ice Beast         Ice/Summ       0%         N/A       98%         4


Dungeon Overview and Level Annotations

Branches:
Dungeon (2/15)

Altars:


Message History

Found a ring mail.
You see here a +0 ring mail.
You now have 104 gold pieces (gained 16).
p - 3 scrolls labelled ANIKOO HOIGI (gained 2)
There is an open door here.
There is an open door here.
Key pressed, stopping explore.
An adder comes into view.
An adder is nearby!
An adder is nearby!
The adder hisses angrily.
You see here a +0 rapier of holy wrath.
r - a +0 rapier of holy wrath The adder barely misses you.
Your +0 rapier of holy wrath softly glows with a divine radiance!
r - a +0 rapier of holy wrath (weapon)
You hit the adder but do no damage. The adder bites you.
You are poisoned.
The adder poisons you! The adder bites you but does no damage.
You miss the adder.
You feel sick. The adder bites you.
You are more poisoned.
The adder poisons you!
You closely miss the adder.
You feel sick. The adder bites you.
You are more poisoned.
The adder poisons you! The adder bites you.
You closely miss the adder.
* * * LOW HITPOINT WARNING * * *
You feel very sick. The adder barely misses you. The adder bites you.
* * * LOW HITPOINT WARNING * * *
You hit the adder.
The adder is lightly wounded.
* * * LOW HITPOINT WARNING * * *
You feel very sick. The adder misses you.
Unknown command.
It was a potion of berserk rage.
A red film seems to cover your vision as you go berserk!
You feel yourself moving faster!
You feel mighty!
You die...

#...........######...........
#..............# #...........
#........##....# #...........
#........##....###...........
#....................#######'
#........#........#..........
#...#######.#.....#..........
... #.S................ .
##@......##########
#####...##########
######.............
#......#####....... #......#
#....... #......# #.......
#......#####....#..
#.......)..#....#..
#..........#....#..


You could see an adder.

Vanquished Creatures
  An adder (D:2)
  A dart slug (D:1)
  A ball python (D:1)
  An endoplasm (D:1)
  3 hobgoblins
  A quokka (D:1)
  4 bats
  2 frilled lizards
  2 goblins
  A rat (D:1)
17 creatures vanquished.

Notes
Turn   | Place    | Note
-------+----------+-------------------------------------------
     0 | D:1      | H0rd4k the Human Artificer began the quest for the Orb.
     0 | D:1      | Reached XP level 1. HP: 15/15 MP: 1/1
   532 | D:1      | Reached XP level 2. HP: 14/21 MP: 2/2
  1001 | D:2      | Reached skill level 1 in Maces & Flails
  1196 | D:2      | Reached XP level 3. HP: 11/26 MP: 3/3
  1548 | D:2      | HP: 1/26 [poisoned by an adder]
  1549 | D:2      | Succumbed to an adder's poison

Illustrated notes

Levels and vault maps discovered:
D:1:      spicycebolla_green_bress_n_ham, layout_basic
D:2:      layout_basic

Skill      XL: |  1  2 |
---------------+-------+-----
Maces & Flails | 1 |  1.3
Fighting       | |  1.1
Armour         | |  2.0
Dodging        | |  1.3
Stealth        | |  1.1
Evocations     | |  3.5

Action                     || total
---------------------------++-------
  Melee: Club              ||   101
         Punch             ||     1
         Rapier            ||     5
  Evoke: Wand              ||     2
    Use: Potion            ||     1
 Armour: Leather armour    ||    38
  Dodge: Dodged            ||    74
